 Dungeon Crawl Stone Soup version 0.30.1-11-g7821555f0a (webtiles) character file.

Game seed: 6658666861800989753

492 HakonGodeson the Chopper (level 6, 0/56 HPs)
             Began as a Minotaur Fighter on Dec 11, 2023.
             Succumbed to an orc wizard's poison
             ... on level 6 of the Dungeon.
             The game lasted 00:08:05 (2455 turns).

HakonGodeson the Chopper (Minotaur Fighter)         Turns: 2455, Time: 00:08:06

Health: 0/56       AC:  7    Str: 21    XL:     6   Next: 91%
Magic:  2/5        EV:  9    Int:  7    God:
Gold:   230        SH:  8    Dex:  9    Spells: 5/5 levels left

rFire   . . .        a - +1 war axe
rCold   + . .        h - +0 kite shield
rNeg    . . .        b - +0 scale mail
rPois   .            (helmet restricted)
rElec   .            (no cloak)
rCorr   .            (no gloves)
SInv    .            (no boots)
Will    .....        n - amulet of guardian spirit Stlth
                     e - ring of protection from cold
HPRegen 0.29/turn    (no ring)
MPRegen 0.09/turn

%: guardian spirit
@: mighty, brilliant, lethally poisoned (0 -> -7), invisible
A: horns 2, retaliatory headbutt
a: no special abilities


You were on level 6 of the Dungeon.
You visited 1 branch of the dungeon, and saw 6 of its levels.

You collected 230 gold pieces.

Inventory:

Hand Weapons
 a - a +1 war axe (weapon)
Missiles
 l - a boomerang (quivered)
Armour
 b - a +0 scale mail (worn)
 c - a +0 buckler
 h - a +0 kite shield (worn)
Jewellery
 e - a ring of protection from cold (left hand)
 n - an amulet of guardian spirit (around neck)
Wands
 p - a wand of mindburst (10)
Scrolls
 g - a scroll of poison
 j - a scroll of immolation
 o - a scroll of magic mapping
 r - a scroll of torment
Potions
 d - 3 potions of might
 f - 2 potions of magic


   Skills:
 * Level 5.0 Fighting
 * Level 5.2 Axes
 * Level 1.4 Throwing
 * Level 5.1 Armour
 * Level 1.9 Dodging
 * Level 1.6 Stealth
 * Level 4.4 Shields
 * Level 0.6 Evocations


You had 5 spell levels left.
You didn't know any spells.
Your spell library contained the following spells:

 Spells                   Type           Power      Damage    Failure   Level
 Inner Flame              Hex/Fire       0%         N/A       100%        3
 Yara's Violent Unravell  Hex/Tmut       0%         3d3       100%        5
 Enfeeble                 Hex            0%         N/A       100%        7


Dungeon Overview and Level Annotations

Branches:
Dungeon (6/15)
 Temple: D:4-7

Altars:
Nemelex Xobeh

Annotations:
D:4 2 transporters


Innate Abilities, Weirdness & Mutations

You have a pair of horns on your head.
You reflexively headbutt those who attack you in melee.


Message History

You hear some strange, mumbled words.
A magic dart appears from out of thin air!
The magic dart hits you.
* * * LOW HITPOINT WARNING * * *
You barely miss something.
You feel less confused.
* * * LOW HITPOINT WARNING * * *
You feel very sick. You block something's attack.
You completely miss something.
* * * LOW HITPOINT WARNING * * *
You feel very sick. Something hits you.
* * * LOW HITPOINT WARNING * * *
You block something's attack.
Unknown command.
You feel much better.
You feel sick. Something hits you but does no damage.
You are more poisoned.
You closely miss something.
* * * LOW HITPOINT WARNING * * *
You feel very sick. Something hits you but does no damage.
You are lethally poisoned!
You slash something!
Reactivating autopickup.
You feel a bit more experienced.
* * * LOW HITPOINT WARNING * * *
You feel very sick.
* * * LOW HITPOINT WARNING * * *
You feel very sick.
Items here: )))) [[.
Okay, then.
There is a lethal amount of poison in your body!
It was a potion of brilliance.
You feel clever all of a sudden.
* * * LOW HITPOINT WARNING * * *
You feel sick.
It was a potion of invisibility.
You fade into invisibility!
You die...

#.#..........
#.#..........
#.#.###...###
#.#......#...
#..#...###..
####..#..#...#
#......### ..#
#........#...#
#...###@..# ..
#......#.....#.
#......###...#
#.....# #..#
#..... ##..
#..... .. ####.
# ##


There were no monsters in sight!

Vanquished Creatures
  Grinder (D:6)
  A scorpion (D:4)
  A howler monkey (D:4)
  A hound (D:4)
  A sleepcap (D:3)
  An orc wizard (D:6)
  5 adders
  2 ufetubi (D:4)
  3 worms
  A dart slug (D:1)
  5 orcs
  4 ball pythons
  2 bats
  2 endoplasms
  2 giant cockroaches (D:2)
  6 hobgoblins
  3 jackals (D:5)
  6 kobolds
  5 quokkas
  A frilled lizard (D:3)
  2 goblins
  4 rats (D:3)
59 creatures vanquished.

Notes
Turn   | Place    | Note
-------+----------+-------------------------------------------
     0 | D:1      | HakonGodeson the Minotaur Fighter began the quest for the
                  | Orb.
     0 | D:1      | Reached XP level 1. HP: 19/19 MP: 0/0
   449 | D:1      | Reached XP level 2. HP: 27/27 MP: 1/1
   495 | D:1      | You fall into a shaft and drop 1 floor!
   531 | D:2      | Reached XP level 3. HP: 16/33 MP: 2/2
   914 | D:3      | Found a faded altar of an unknown god.
  1289 | D:3      | Reached XP level 4. HP: 40/40 MP: 3/3
  1554 | D:4      | Reached skill level 1 in Dodging
  1572 | D:4      | Found a transporter.
  1606 | D:4      | Found a transporter.
  1634 | D:4      | Noticed a scorpion
  1640 | D:4      | Killed a scorpion
  1641 | D:4      | Reached skill level 1 in Stealth
  1641 | D:4      | Reached XP level 5. HP: 37/47 MP: 4/4
  1761 | D:4      | Reached skill level 1 in Throwing
  1814 | D:4      | Found a sparkling altar of Nemelex Xobeh.
  1814 | D:4      | Found a transporter.
  1814 | D:4      | Noticed a water moccasin
  1815 | D:4      | Noticed an orc warrior
  2066 | D:4      | Reached XP level 6. HP: 20/53 MP: 5/5
  2277 | D:5      | Entered Level 5 of the Dungeon
  2421 | D:6      | Noticed Grinder
  2427 | D:6      | Paralysed by Grinder for 5 turns
  2439 | D:6      | Killed Grinder
  2440 | D:6      | Reached skill level 5 in Fighting
  2440 | D:6      | Reached skill level 5 in Axes
  2440 | D:6      | Reached skill level 5 in Armour
  2449 | D:6      | HP: 2/56 [poisoned by an orc wizard]
  2454 | D:6      | HP: 2/56 [poisoned by an orc wizard]
  2455 | D:6      | Succumbed to an orc wizard's poison

Illustrated notes

Levels and vault maps discovered:
D:1:      tarquinn_simple_flora_water_a, layout_basic, hex_medium,
          hex_intersection, minmay_misc_feat_hallway, chequers_big_river
D:2:      layout_basic
D:3:      layout_loops_corners, chequers_ecumenical_altar_lobes, minmay_vboxes
D:4:      gammafunk_wand_slinger, layout_loops_corners,
          grunt_nemelex_the_gamble, uniq_robin
D:5:      layout_loops_ring
D:6:      layout_basic, lemuel_crystal_altar, nicolae_titane, uniq_grinder

Skill      XL: |  1  2  3  4  5  6 |
---------------+-------------------+-----
Fighting       | 4 5 |  5.0
Armour         | 4 5 |  5.1
Axes           | 3 4 5 |  5.2
Shields        | 4 |  4.4
Dodging        | 1 |  1.9
Stealth        | 1 |  1.6
Throwing       | 1 |  1.4
Evocations     | |  0.6

Action                     |  1- 3 |  4- 6 || total
---------------------------+-------+-------++-------
  Melee: War axe           |    54 |    72 ||   126
         Headbutt          |     9 |    10 ||    19
  Throw: Boomerang         |       |     4 ||     4
    Use: Scroll            |     5 |     6 ||    11
         Potion            |       |     6 ||     6
 Armour: Scale mail        |    26 |    32 ||    58
  Dodge: Dodged            |    27 |    38 ||    65
  Block: Buckler           |    14 |     8 ||    22
         Kite shield       |       |    11 ||    11
